 Dungeon Crawl Stone Soup version 0.32-a0-18-g89e19f1974 (webtiles) character file.

Game seed: 15664734491616634975

476 CraigForest the Ruffian (level 6, -7/57 HPs)
             Began as a Troll Shapeshifter on Jan 17, 2024.
             Mangled by a hornet (8 damage)
             ... on level 5 of the Dungeon.
             The game lasted 00:09:09 (2692 turns).

CraigForest the Ruffian (Troll Shapeshifter)        Turns: 2692, Time: 00:09:09

Health: -7/57      AC:  4    Str: 25    XL:     6   Next: 84%
Magic:  5/5        EV: 10    Int:  6    God:
Gold:   304        SH:  0    Dex:  9    Spells: 5/5 levels left

rFire   . . .        o - +7 trident "Casmuef" {freeze, rPois}
rCold   . . .        (no shield)
rNeg    . . .        a - +0 animal skin
rPois   +            (helmet currently unavailable)
rElec   .            (cloak currently unavailable)
rCorr   .            (gloves unavailable)
SInv    .            (boots unavailable)
Will    .....        g - amulet of the acrobat
Stlth   +            (no ring)
HPRegen 1.09/turn    (no ring)
MPRegen 0.09/turn

%: acrobat
@: beast-form, slowed, very slow
A: beast (slay +2), large, unfitting armour, claws 3, regeneration 1, shaggy fur
1, tough skin 1
a: Begin Untransformation


You were on level 5 of the Dungeon.
You were a hulking beast.
You visited 1 branch of the dungeon, and saw 5 of its levels.

You collected 304 gold pieces.

Inventory:

Hand Weapons
 h - a +3 spear
 o - the +7 trident "Casmuef" (weapon) {freeze, rPois}
   (You found it on level 3 of the Dungeon)

   rPois:     It protects you from poison
Missiles
 t - a throwing net (quivered)
Armour
 a - a +0 animal skin (worn)
Jewellery
 g - an amulet of the acrobat (around neck)
Talismans
 c - a beast talisman (active)
 d - a flux talisman
 r - a serpent talisman
 u - a granite talisman
Wands
 s - a wand of iceblast (8)
Scrolls
 e - a scroll of fear
 f - a scroll of blinking {unknown}
 j - 3 scrolls of revelation {unknown}
 l - a scroll of torment {unknown}
 n - 3 scrolls of fog {unknown}
Potions
 b - a potion of lignification
 k - a potion of enlightenment
 m - 3 potions of degeneration
 p - 2 potions of curing
 q - a potion of heal wounds {unknown}


   Skills:
 + Level 1.8 Fighting
 + Level 2.6 Dodging
 + Level 5.6 Unarmed Combat
 * Level 4.8 Shapeshifting


You had 5 spell levels left.
You didn't know any spells.
Your spell library contained the following spells:

 Spells                   Type           Power      Damage    Failure   Level
 Magic Dart               Conj           0%         1d3       45%         1
 Blink                    Tloc           0%         N/A       58%         2
 Call Imp                 Summ           0%         N/A       58%         2
 Lesser Beckoning         Tloc           0%         N/A       58%         2
 Gell's Gravitas          Tloc           0%         N/A       83%         3
 Teleport Other           Tloc           0%         N/A       83%         3


Dungeon Overview and Level Annotations

Branches:
Dungeon (5/15)
 Temple: D:4-7

Altars:

Shops:
D:5 !


Innate Abilities, Weirdness & Mutations

You are a hulking beast.
Your limbs bulge with bestial killing power. (Slay +2)
You are too large for most types of armour.
You have claws for hands.
Your natural rate of healing is unusually fast.
You are covered in fur. (AC +1)
You have tough skin. (AC +1)


Message History

You feel as though you will be slow longer.
The hornet closely misses you. The hornet stings you.
You feel as though you will be slow longer.
You closely miss the hornet.
The hornet is heavily wounded.
The hornet stings you!
The hornet stings you but does no damage.
The hornet stings you.
* * * LOW HITPOINT WARNING * * *
You are too injured to fight recklessly!
You are too injured to fight recklessly!
You are too injured to fight recklessly!
You are too injured to fight recklessly!
You are too injured to fight recklessly!
You are too injured to fight recklessly!
You are too injured to fight recklessly!
You are too injured to fight recklessly!
You are too injured to fight recklessly!
You are too injured to fight recklessly!
You are too injured to fight recklessly!
You are too injured to fight recklessly!
You are too injured to fight recklessly!
You are too injured to fight recklessly!
You are too injured to fight recklessly!
You are too injured to fight recklessly!
You are too injured to fight recklessly!
You are too injured to fight recklessly!
You are too injured to fight recklessly!
You are too injured to fight recklessly!
You are too injured to fight recklessly!
You are too injured to fight recklessly!
You hit the hornet but do no damage.
The hornet is heavily wounded.
You feel yourself speed up. The hornet stings you!
* * * LOW HITPOINT WARNING * * *
You feel yourself slow down. The hornet stings you!
* * * LOW HITPOINT WARNING * * *
The hornet stings you!
You die...

#.#.## #....# #..###
#..# ###+#########
#..####............
#.......##.#...#####
##.####.##..........
#.# #.##.#...####
#.# #.......h..# #..
........y...#
########......∩...#
#..........#
#.........##
##...<....#
##.....#.# #....##.#


You could see a hornet.

Vanquished Creatures
  A black bear (D:4)
  2 phantoms (D:4)
  A howler monkey (D:5)
  A bombardier beetle (D:4)
  A hound (D:5)
  4 adders
  A gnoll (D:1)
  2 ribbon worms
  3 dart slugs
  2 orcs
  7 ball pythons
  4 bats
  8 endoplasms
  6 giant cockroaches
  7 goblins
  5 hobgoblins
  2 jackals (D:4)
  8 kobolds
  2 quokkas
  4 frilled lizards
  5 rats
76 creatures vanquished.

Notes
Turn   | Place    | Note
-------+----------+-------------------------------------------
     0 | D:1      | CraigForest the Troll Shapeshifter began the quest for the
                  | Orb.
     0 | D:1      | Reached XP level 1. HP: 18/18 MP: 0/0
   137 | D:1      | Reached XP level 2. HP: 26/26 MP: 1/1
   383 | D:1      | Reached XP level 3. HP: 32/32 MP: 2/2
   923 | D:2      | Reached XP level 4. HP: 37/40 MP: 3/3
   992 | D:2      | Reached skill level 4 in Unarmed Combat
  1223 | D:3      | Identified the +7 trident "Casmuef" {freeze, rPois}
  2069 | D:4      | Noticed a black bear
  2077 | D:4      | Killed a black bear
  2078 | D:4      | Reached skill level 1 in Fighting
  2078 | D:4      | Reached XP level 5. HP: 31/48 MP: 4/4
  2104 | D:4      | Noticed a phantom
  2109 | D:4      | Killed a phantom
  2110 | D:4      | Reached skill level 5 in Unarmed Combat
  2110 | D:4      | Reached XP level 6. HP: 55/55 MP: 5/5
  2568 | D:5      | Entered Level 5 of the Dungeon
  2680 | D:5      | Found Tatimeil's Distillery.
  2684 | D:5      | Noticed a hornet
  2692 | D:5      | HP: 1/57 [hornet (12)]
  2692 | D:5      | Mangled by a hornet

Illustrated notes

Levels and vault maps discovered:
D:1:      evilmike_arrival_hilbert_curve, layout_loops_cross,
          chequers_serial_rivers_marsh, reono_crystal_passage,
          nicolae_grassy_gnolls
D:2:      layout_rooms
D:3:      layout_basic, nrook_mini_backslash
D:4:      layout_rooms, serial_co_window_serial, co_window_corner_a,
          co_window_paths_a, co_window_paths_a, co_window_paths_b,
          co_window_paths_b, co_window_of_opportunity_b,
          co_window_unsneaky_path_b, co_window_corner_cb, co_window_corner_b,
          glass_columns_b
D:5:      layout_loops_ring, serial_shops, shop, kennysheep_generic_room_10,
          uniq_grinder, uniq_prince_ribbit1

Skill      XL: |  1  2  3  4  5 |
---------------+----------------+-----
Shapeshifting  | 4 |  4.8
Unarmed Combat | 4 5 |  5.6
Fighting       | 1 |  1.8
Dodging        | 2 |  2.6

Action                     |  1- 3 |  4- 6 || total
---------------------------+-------+-------++-------
  Melee: Unarmed           |    65 |    13 ||    78
         Punch             |     2 |     1 ||     3
         Trident           |       |    81 ||    81
    Use: Scroll            |     1 |     3 ||     4
   Stab: Sleeping          |     1 |     2 ||     3
 Armour: Animal skin       |    30 |    63 ||    93
  Dodge: Dodged            |    22 |    46 ||    68
   Form: Beast             |     1 |       ||     1

Table legend: (Time is in decaauts)
 A = Elapsed time spent in this place.
 B = Non-inter-level travel time spent in this place.
 C = Inter-level travel time spent in this place.
 D = Time resting spent in this place.
 E = Time spent auto-exploring this place.
 F = Levels seen in this place.
 G = Mean time per level.
                   A        B        C        D        E       F      G
               +--------+--------+--------+--------+--------+-----+--------+
         Total |   2710 |   2581 |    129 |      0 |   1901 |   5 |  542.0 |
       Dungeon |   2710 |   2581 |    129 |      0 |   1901 |   5 |  542.0 |
               +--------+--------+--------+--------+--------+-----+--------+

Top non-repeatable levels by time:
     D:3: 852 daAuts
     D:1: 703 daAuts
     D:4: 585 daAuts
     D:2: 440 daAuts
     D:5: 128 daAuts
